Workbook
Name AbaDeprec: '5. Depreciação'!$A$1
Name AbaRemun: '6.Remuneração de capital'!$A$1
Name Print_Area: '1. Coleta Domiciliar'!$A$1:$F$292
Name Print_Area: '2.Encargos Sociais'!$A$1:$C$47
Name Print_Titles: '1. Coleta Domiciliar'!$1:$6

Sheet 1. Coleta Domiciliar
A1: Orientações para preenchimento:
A2: 1. Esta planilha é somente um modelo-base. Qualquer custo previsto no edital e não contemplado nesta planilha deverá ser devidamente incluído
A3: 2. Preencher somente células em amarelo
A4: 3. As células azuis deverão ter seus valores preenchidos em outra planilha do arquivo.
A8: 8. TRANSPORTE DE PASSAGEIROS (21 lugares - 4.833 km/mês)
A9: Planilha de Composição de Custos
A11: Orçamento Sintético
A12: Descrição do Item | E12: Custo (R$/mês) | F12: %
A13: =A51 -> 1. Mão-de-obra | E13: =+F151 -> 3257.7968 | F13: =IFERROR(E13/$E$33,0) -> 0.21968594
A14: =A53 -> 1.1. Coletor Turno Dia | E14: =F64 -> 0 | F14: =IFERROR(E14/$E$33,0) -> 0
A15: =A66 -> 0 | E15: =F83 -> 0 | F15: =IFERROR(E15/$E$33,0) -> 0
A16: =A85 -> 1.1. Motorista | E16: =F95 -> 2607.7968 | F16: =IFERROR(E16/$E$33,0) -> 0.1758539
A17: =A117 -> 1.3 Encarregado Operacional | E17: =F128 -> 0 | F17: =IFERROR(E17/$E$33,0) -> 0
A18: =A131 -> 1.4. Vale Transporte | E18: =F137 -> 0 | F18: =IFERROR(E18/$E$33,0) -> 0
A19: =A139 -> 1.2. Vale-refeição (diário) | E19: =F143 -> 650 | F19: =IFERROR(E19/$E$33,0) -> 0.043832034
A20: =A145 -> 1.7. Auxílio Alimentação (mensal) | E20: =F149 -> 0 | F20: =IFERROR(E20/$E$33,0) -> 0
A21: =A153 -> 2. Uniformes e Equipamentos de Proteção Individual | E21: =+F185 -> 0 | F21: =IFERROR(E21/$E$33,0) -> 0
A22: =A187 -> 2. Veículo | E22: =+F246 -> 8387.0058 | F22: =IFERROR(E22/$E$33,0) -> 0.56556849
A23: =A189 -> 2.1. Veículo | E23: =SUM(E24:E29) -> 8387.0058 | F23: =IFERROR(E23/$E$33,0) -> 0.56556849
A24: =A190 -> 2.1.1. Depreciação | E24: =F199 -> 1048.8729 | F24: =IFERROR(E24/$E$33,0) -> 0.070729591
A25: =A201 -> 2.1.2. Remuneração do Capital | E25: =F210 -> 1805.5492 | F25: =IFERROR(E25/$E$33,0) -> 0.12175522
A26: =A212 -> 2.1.3. Impostos e Seguros | E26: =F218 -> 558.04583 | F26: =IFERROR(E26/$E$33,0) -> 0.037631206
A27: =A220 -> 2.1.4. Consumos | E27: =F231 -> 3983.7729 | F27: =IFERROR(E27/$E$33,0) -> 0.26864133
A28: =A233 -> 2.1.5. Manutenção | E28: =F236 -> 579.96 | F28: =IFERROR(E28/$E$33,0) -> 0.039108963
A29: =A238 -> 2.1.6. Pneus | E29: =F243 -> 410.805 | F29: =IFERROR(E29/$E$33,0) -> 0.027702182
A30: =A248 -> 4. Ferramentas e Materiais de Consumo | E30: =+F258 -> 0 | F30: =IFERROR(E30/$E$33,0) -> 0
A31: =A260 -> 3. Monitoramento da Frota | E31: =+F269 -> 128.25 | F31: =IFERROR(E31/$E$33,0) -> 0.0086483974
A32: =A273 -> 4. Benefícios e Despesas Indiretas - BDI | E32: =+F279 -> 3056.2845 | F32: =IFERROR(E32/$E$33,0) -> 0.20609717
A33: PREÇO TOTAL MENSAL COM O TRANSPORTE | E33: =E13+E21+E22+E30+E31+E32 -> 14829.337 | F33: =F13+F21+F22+F30+F31+F32 -> 1
A34: PREÇO POR KM | E34: =E33/B222 -> 3.0683503
A35: PREÇO POR VIAGEM | E35: =E34*350 -> 1073.9226
A37: Quantitativos
A38: Mão-de-obra | E38: Quantidade
A39: =+A53 -> 1.1. Coletor Turno Dia | E39: =C63 -> 0
A40: =+A66 -> 0 | E40: =C82 -> 0
A41: =+A85 -> 1.1. Motorista | E41: =C94 -> 1
A42: 1.3. Encarregado Operacional
A43: Total de mão-de-obra (postos de trabalho) | E43: =SUM(E39:E42) -> 1
A45: Veículos e Equipamentos | E45: Quantidade
A46: 1 | E46: 1
A49: Fator de utilização (FU) | B49: 0.95
A51: 1. Mão-de-obra
A53: 1.1. Coletor Turno Dia
A54: Discriminação | B54: Unidade | C54: Quantidade | D54: Custo unitário | E54: Subtotal | F54: Total (R$)
A55: Piso da categoria | B55: mês | C55: 1 | D55: 1278.21 | E55: =C55*D55 -> 1278.21
A56: Horas Extras (100%) | B56: hora | C56: 1 | D56: =D55/220*2 -> 11.620091 | E56: =C56*D56 -> 11.620091 | G56: Excluir esta linha caso a contratação não tenha previsão de horas extras 100% explícita no edital
A57: Horas Extras (50%) | B57: hora | C57: 2 | D57: =D55/220*1.5 -> 8.7150682 | E57: =C57*D57 -> 17.430136 | G57: Excluir esta linha caso a contratação não tenha previsão de horas extras 50% explícita no edital
A58: Descanso Semanal Remunerado (DSR) - hora extra | B58: R$ | D58: =63/302*(SUM(E56:E57)) -> 6.0601467 | E58: =D58 -> 6.0601467 | G58: Excluir esta linha caso a contratação não tenha previsão de horas extras explícita no edital
A59: Adicional de Insalubridade | B59: % | C59: 40 | D59: 998 | E59: =C59*D59/100 -> 399.2
A60: Soma | E60: =SUM(E55:E59) -> 1712.5204
A61: Encargos Sociais | B61: % | C61: 74.82 | D61: =E60 -> 1712.5204 | E61: =D61*C61/100 -> 1281.3077
A62: Total por Coletor | E62: =E60+E61 -> 2993.8281
A63: Total do Efetivo | B63: homem | D63: =E62 -> 2993.8281 | E63: =C63*D63 -> 0
D64: Fator de utilização | E64: =$B$49 -> 0.95 | F64: =E63*E64 -> 0
A67: Discriminação | B67: Unidade | C67: Quantidade | D67: Custo unitário | E67: Subtotal | F67: Total (R$)
A68: Piso da categoria | B68: mês | C68: 1 | D68: =D55 -> 1278.21 | E68: =C68*D68 -> 1278.21
A69: Adicional Noturno | B69: horas trabalhadas
B70: hora contabilizada | C70: =C69*8/7 -> 0 | D70: =D68/220*0.2 -> 1.1620091 | E70: =C69*D70 -> 0
A71: Horas Extras (100%) | B71: hora | D71: =D68/220*2 -> 11.620091 | E71: =C71*D71 -> 0 | G71: Excluir esta linha caso a contratação não tenha previsão de horas extras 100% explícita no edital
A72: Horas Extras Noturnas (100%) | B72: horas trabalhadas | G72: Excluir esta linha caso a contratação não tenha previsão de horas extras noturnas 100% explícita no edital
B73: hora contabilizada | C73: =C72*8/7 -> 0 | D73: =D68/220*2*1.2 -> 13.944109 | E73: =C73*D73 -> 0 | G73: Excluir esta linha caso a contratação não tenha previsão de horas extras noturnas 100% explícita no edital
A74: Horas Extras (50%) | B74: hora | D74: =D68/220*1.5 -> 8.7150682 | E74: =C74*D74 -> 0 | G74: Excluir esta linha caso a contratação não tenha previsão de horas extras 50% explícita no edital
A75: Horas Extras Noturnas (50%) | B75: horas trabalhadas | G75: Excluir esta linha caso a contratação não tenha previsão de horas extras noturnas 50% explícita no edital
B76: hora contabilizada | C76: =C75*8/7 -> 0 | D76: =D68/220*1.5*1.2 -> 10.458082 | E76: =C76*D76 -> 0 | G76: Excluir esta linha caso a contratação não tenha previsão de horas extras noturnas 50% explícita no edital
A77: Descanso Semanal Remunerado (DSR) - hora extra | B77: R$ | D77: =63/302*(SUM(E71:E76)) -> 0 | E77: =D77 -> 0 | G77: Excluir esta linha caso a contratação não tenha previsão de horas extras explícita no edital
A78: Adicional de Insalubridade | B78: % | C78: =+C59 -> 40 | D78: =SUM(E68:E77) -> 1278.21 | E78: =C78*D78/100 -> 511.284
A79: Soma | E79: =SUM(E68:E78) -> 1789.494
A80: Encargos Sociais | B80: % | C80: ='2.Encargos Sociais'!$C$34*100 -> 6.82 | D80: =E79 -> 1789.494 | E80: =D80*C80/100 -> 122.04349
A81: Total por Coletor | E81: =E79+E80 -> 1911.5375
A82: Total do Efetivo | B82: homem | C82: 0 | D82: =E81 -> 1911.5375 | E82: =C82*D82 -> 0
D83: Fator de utilização | E83: =$B$49 -> 0.95 | F83: =E82*E83 -> 0
A85: 1.1. Motorista
A86: Discriminação | B86: Unidade | C86: Quantidade | D86: Custo unitário | E86: Subtotal | F86: Total (R$)
A87: Piso da categoria (1) | B87: mês | C87: 1 | D87: 2726 | E87: =C87*D87 -> 2726
A88: Salário mínimo nacional (2) | B88: mês | C88: 1 | D88: 1412
A89: Base de cálculo da Insalubridade | C89: 0
A90: Adicional de Insalubridade | B90: % | C90: 0 | D90: =IF(C89=2,SUM(E87:E88),IF(C89=1,(SUM(E87:E88))*D88/D87,0)) -> 0 | E90: =C90*D90/100 -> 0
A91: Soma | E91: =SUM(E87:E90) -> 2726
A92: Encargos Sociais | B92: % | C92: ='2.Encargos Sociais'!C35 -> 0.6988 | D92: =E91 -> 2726 | E92: =D92*C92/100 -> 19.049288
A93: Total por Motorista | E93: =E91+E92 -> 2745.0493
A94: Total do Efetivo | B94: homem | C94: 1 | D94: =E93 -> 2745.0493 | E94: =C94*D94 -> 2745.0493
D95: Fator de utilização | E95: =$B$49 -> 0.95 | F95: =E94*E95 -> 2607.7968
A98: Discriminação | B98: Unidade | C98: Quantidade | D98: Custo unitário | E98: Subtotal | F98: Total (R$)
A99: Piso da categoria | B99: mês | C99: 1 | D99: =D87 -> 2726 | E99: =C99*D99 -> 2726
A100: Salário mínimo nacional | B100: mês | C100: 1 | D100: =D88 -> 1412
A101: Adicional Noturno | B101: horas trabalhadas
B102: hora contabilizada | C102: =C101*8/7 -> 0 | D102: =D99/220*0.2 -> 2.4781818 | E102: =C101*D102 -> 0
A103: Horas Extras (100%) | B103: hora | D103: =D99/220*2 -> 24.781818 | E103: =C103*D103 -> 0 | G103: Excluir esta linha caso a contratação não tenha previsão de horas extras 100% explícita no edital
A104: Horas Extras Noturnas (100%) | B104: horas trabalhadas | G104: Excluir esta linha caso a contratação não tenha previsão de horas extras noturnas 100% explícita no edital
B105: hora contabilizada | C105: =C104*8/7 -> 0 | D105: =D99/220*2*1.2 -> 29.738182 | E105: =C105*D105 -> 0 | G105: Excluir esta linha caso a contratação não tenha previsão de horas extras noturnas 100% explícita no edital
A106: Horas Extras (50%) | B106: hora | D106: =D99/220*1.5 -> 18.586364 | E106: =C106*D106 -> 0 | G106: Excluir esta linha caso a contratação não tenha previsão de horas extras 50% explícita no edital
A107: Horas Extras Noturnas (50%) | B107: horas trabalhadas | G107: Excluir esta linha caso a contratação não tenha previsão de horas extras noturnas 50% explícita no edital
B108: hora contabilizada | C108: =C107*8/7 -> 0 | D108: =D99/220*1.5*1.2 -> 22.303636 | E108: =C108*D108 -> 0 | G108: Excluir esta linha caso a contratação não tenha previsão de horas extras noturnas 50% explícita no edital
A109: Descanso Semanal Remunerado (DSR) - hora extra | B109: R$ | D109: =63/302*(SUM(E103:E108)) -> 0 | E109: =D109 -> 0 | G109: Excluir esta linha caso a contratação não tenha previsão de horas extras explícita no edital
A110: Base de cálculo da Insalubridade
A111: Adicional de Insalubridade | B111: % | C111: =+C90 -> 0 | D111: =IF(C110=2,SUM(E99:E109),IF(C110=1,SUM(E99:E109)*D100/D99,0)) -> 0 | E111: =C111*D111/100 -> 0
A112: Soma | E112: =SUM(E99:E111) -> 2726
A113: Encargos Sociais | B113: % | C113: ='2.Encargos Sociais'!$C$34*100 -> 6.82 | D113: =E112 -> 2726 | E113: =D113*C113/100 -> 185.9132
A114: Total por Motorista | E114: =E112+E113 -> 2911.9132
A115: Total do Efetivo | B115: homem | D115: =E114 -> 2911.9132 | E115: =C115*D115 -> 0
...

Sheet 2.Encargos Sociais
A1: Orientações para preenchimento:
A2: 1. Preencha previamente os dados de entrada na planilha 3.CAGED
A4: 2. Composição dos Encargos Sociais
A5: Código | B5: Descrição | C5: Valor
A6: A1 | B6: INSS | C6: 0.2
A7: A2 | B7: SESI | C7: 0.015
A8: A3 | B8: SENAI | C8: 0.01
A9: A4 | B9: INCRA | C9: 0.002
A10: A5 | B10: SEBRAE | C10: 0.006
A11: A6 | B11: Salário educação | C11: 0.025
A12: A7 | B12: Seguro contra acidentes de trabalho | C12: 0.03
A13: A8 | B13: FGTS | C13: 0.08
A14: A | B14: SOMA GRUPO A | C14: =SUM(C6:C13) -> 0.368
A16: B1 | B16: Férias gozadas | C16: 0.0799
A17: B2 | B17: 13º salário | C17: =ROUND('[1]3.CAGED'!C33/'[1]3.CAGED'!C30,4) -> 0.0833
A18: B3 | B18: Licença Paternidade | C18: 0.0005
A19: B4 | B19: Faltas justificadas | C19: 0.0056
A20: B5 | B20: Auxilio acidente de trabalho | C20: 0.0008
A21: B6 | B21: Auxilio doença | C21: 0.0066
A22: B7 | B22: Salário Maternidade | C22: 0.0003
A23: B | B23: SOMA GRUPO B | C23: =SUM(C16:C22) -> 0.177
A25: C1 | B25: Aviso prévio indenizado | C25: 0.0347
A26: C2 | B26: Aviso prévio trabalhado | C26: 0.0008
A27: C3 | B27: Férias indenizadas | C27: 0.0261
A28: C4 | B28: Depósito rescisão sem justa causa | C28: 0.0211
A29: C5 | B29: Indenização adicional | C29: 0.0029
A30: C | B30: SOMA GRUPO C | C30: =SUM(C25:C29) -> 0.0856
A32: D1 | B32: Reincidência de Grupo A sobre Grupo B | C32: 0.0651
A33: D2 | B33: Reincidência de Grupo A sobre aviso prévio indenizado | C33: 0.0031
A34: D | B34: SOMA GRUPO D | C34: =SUM(C32:C33) -> 0.0682
B35: SOMA (A+B+C+D) | C35: =C34+C30+C23+C14 -> 0.6988
A37: ='1. Coleta Domiciliar'!F286 -> Teutônia, 17 de outubro de 2024.
B40: Aline Dezordi Casarin
B41: Engenheira Civil
B42: CREA-RS PR 162.735
B46: Celso Aloísio Forneck
B47: Prefeito Municipal de Teutônia

Sheet 3.CAGED
A1: CÁLCULO DAS VERBAS INDENIZATÓRIAS DOS EMPREGADOS NO SETOR DE COLETA DE RSU
A3: Para preencher esta planilha siga os passos 1 a 5:
A4: 1. Acesse o Portal do CAGED no link http://bi.mte.gov.br/cagedestabelecimento/pages/consulta.xhtml
A5: 2. Na Especificação da Consulta, selecione "Demonstrativo por período" e informe as competências relativas ao período Inicial e Final (últimos 12 meses)
A6: 3. Nível Geográfico: selecione "Unidade da Federação" e marque a opção "Rio Grande do Sul"
A7: 4. Nível Setorial: selecione "Classe de atividade econômica segundo a classificação CNAE – versão 2.0 (669 categorias)" e marque a opção "38114 – Coleta de Resíduos Não-Perigosos"
A8: 5. Clique em Gerar Relatório
A9: 6. Preencha as células em amarelo
B11: 3. CAGED
B12: Rio Grande do Sul - Coleta de Resíduos Não-Perigosos - CNAE 38114
B13: Admissões | C13: 2486
B14: Desligamentos | C14: 3303
B15: Dispensados com justa causa | C15: 81
B16: Dispensados sem justa causa | C16: 2336
B17: Espontâneos | C17: 342
B18: Fim de contrato por prazo determinado | C18: 18
B19: Término de contrato | C19: 500
B20: Aposentados | C20: 1
B21: Mortos | C21: 25
B22: Transferência de saída | C22: 0
B23: Indicadores
B24: Estoque recuperado início do Período 01-09-2016 | C24: 6400
B25: Estoque recuperado final do Período 31-08-2017 | C25: 5583
B26: Variação Emprego Absoluta de 01-09-2016 a 31-08-2017 | C26: -817
B28: Rotatividade | C28: =MEDIAN(C13,C14)/MEDIAN(C24,C25) -> 0.48310106 | G28: =12/C28 -> 24.839523
B29: Demitidos s/ Justa Causa em relação ao Estoque Médio | C29: =C16/MEDIAN(C24,C25) -> 0.38988567
B30: Dias ano | C30: 360
B31: 1/3 de férias (dias) | C31: 10
B32: Férias (dias) | C32: 30 | G32: =TRUNC(G37) -> 0
B33: 13º Salário (dias) | C33: 30
B34: Estoque Médio | C34: =MEDIAN(C24,C25) -> 5991.5
B35: FGTS | C35: 0.08 | K35: =IF(C39>12,C39-12,C39) -> 12.839523
B36: Multa FGTS | C36: 0.5 | K36: =IF(#REF!>12,#REF!-12,#REF!) -> #REF!
B37: Fração de tempo para gozo férias | C37: =((1/C28)-TRUNC(E37)) -> 0.069960269 | D37: =TRUNC(E37) -> 2 | E37: =1/C28 -> 2.0699603 | F37: =((1/C28)-TRUNC(E37)) -> 0.069960269 | G37: =12*F37 -> 0.83952323 | K37: =IF(#REF!>12,#REF!-12,#REF!) -> #REF!
B38: Dias de Aviso prévio | C38: =30+D38 -> 36 | D38: =3*D37 -> 6 | G38: =G37/12*40/360 -> 0.0077733633 | K38: =IF(#REF!>12,#REF!-12,#REF!) -> #REF!
B39: Rotatividade temporal (meses) | C39: =12/C28 -> 24.839523 | K39: =IF(#REF!>12,#REF!-12,#REF!) -> #REF!
K40: =IF(K39>12,K39-12,K39) -> #REF!
K41: =IF(K40>12,K40-12,K40) -> #REF!

Sheet 4.BDI
A1: Orientações para preenchimento:
A2: 1. Esta planilha é somente um modelo-base e deve ser ajustada conforme cada caso concreto.
A3: 2. Preencher somente células em amarelo
A6: 4. Composição do BDI - Benefícios e Despesas Indiretas
D8: Referência estudo TCE
D9: 1° Quartil | E9: Médio | F9: 3° Quartil
A10: Administração Central | B10: AC | C10: 0.05 | D10: 0.0297 | E10: 0.0508 | F10: 0.0627
A11: Seguros/Riscos/Garantias | B11: SRG | C11: 0.0133 | D11: =0.3%+0.56% -> 0.0086 | E11: =0.48%+0.85% -> 0.0133 | F11: =0.82%+0.89% -> 0.0171
A12: Lucro | B12: L | C12: 0.105 | D12: 0.0778 | E12: 0.1085 | F12: 0.1355
A13: Despesas Financeiras | B13: DF | C13: =(1+E13)^(E14/252)-1 -> 0.0060961985 | D13: i | E13: 0.1075
A14: Tributos - ISS | B14: T | C14: 0.025 | D14: DU | E14: 15
A15: Tributos - PIS/COFINS | C15: 0.0365
A16: Fórmula para o cálculo do BDI:
A17: {[(1+AC+SRG) x (1+L) x (1+DF)] / (1-T)} -1
A18: Resultado do cálculo do BDI: | C18: =ROUND((((1+C10+C11)*(1+C12)*(1+C13))/(1-(C14+C15))-1),4) -> 0.2596 | D18: 0.2143 | E18: 0.2717 | F18: 0.3362
A21: ='1. Coleta Domiciliar'!F286 -> Teutônia, 17 de outubro de 2024.
C24: Aline Dezordi Casarin
C25: Engenheira Civil
C26: CREA-RS PR 162.735
C30: Celso Aloísio Forneck
C31: Prefeito Municipal de Teutônia

Sheet 5. Depreciação
A1: 5. Depreciação Referencial TCE/RS (%)
A2: Idade do veículo (ano) | B2: Depreciação Média
A3: 1 | B3: 33.63
A4: 2 | B4: 43.13
A5: 3 | B5: 48.68
A6: 4 | B6: 52.62
A7: 5 | B7: 55.68
A8: 6 | B8: 58.18
A9: 7 | B9: 60.29
A10: 8 | B10: 62.12
A11: 9 | B11: 63.73
A12: 10 | B12: 65.18
A13: 11 | B13: 66.48
A14: 12 | B14: 67.67
... A17: 15 | B17: 70.73

Sheet 6.Remuneração de capital
A1: 6. Remuneração de Capital
A3: Fórmula de cálculo da remuneração de capital:
A12: Jm = remuneração de capital mensal
A13: i = taxa de juros do mercado (sugere-se adotar a taxa SELIC)
A14: Im = investimento médio
A15: V0 = valor inicial do bem
A16: Vr = valor residual do bem
A17: n = vida útil do bem em anos

Sheet 7. Dimensionamento
A1: Orientações para preenchimento:
A2: 1. Esta planilha é somente um modelo de cálculo expedito e deve ser ajustada conforme cada caso concreto.
A3: 2. Dimensionar separadamente setores atendidos por veículos de capacidade de carga diferentes.
A4: 3. Preencher somente células em amarelo
A6: 7. Dimensionamento da frota
A8: Indicador | B8: Unid | C8: Valor
A9: População (H) | B9: hab | C9: 30518
A10: Geração per capita (G) | B10: Kg/hab.dia | C10: =4359/12/30/C9*1000 -> 0.39676038
A11: Geração total diária (Qd) | B11: ton/dia | C11: =C9*C10/1000 -> 12.108333
A12: Geração Mensal | B12: ton | C12: =(C11*30) -> 363.25
A13: Número de dias de coleta por semana (Dc) | B13: dia | C13: 6
A14: Quantitativo diário de coleta (Qc) | B14: ton/dia | C14: =IFERROR(C11*7/C13,0) -> 14.126389
A15: Densidade RSU compactado | B15: Kg/m³ | C15: 500
A16: Tipo de Veículo (1 = toco, 2 = truck) | C16: 1
A17: Capacidade do Compactador | B17: m³ | C17: 12
A18: Capacidade nominal de carga (Cc) | B18: ton | C18: =IF(AND(C17>=15,C16=1),5.8,C17/2) -> 6
A19: Número de Cargas por dia (Nc) | C19: =IFERROR(C14/C18,0) -> 2.3543981
A20: Número total de percursos de coleta por veículo, por dia (Np) | C20: 1
A21: Número de veículos da Frota (F) | C21: =IFERROR(C19/C20,0) -> 2.3543981
A24: ='1. Coleta Domiciliar'!F286 -> Teutônia, 17 de outubro de 2024.
A29: Alexandre Etgeton
A30: Engenheiro Civil
A31: CREA-RS 163.198-D
A35: Jonatan Bronstrup
A36: Prefeito Municipal de Teutônia

Sheet Plan1
A1: Jaqueta com reflexivo (NBR 15.292)
A2: Calça
A3: Camiseta
A4: Boné
A5: Botina de segurança c/ palmilha aço
A6: Meia de algodão com cano alto
A7: Capa de chuva amarela com reflexivo
A8: Colete reflexivo
A9: Luva de proteção
A10: Protetor solar FPS 30
A12: 3.1. Veículo Coletor Compactador 15 m³
A14: Custo de óleo diesel / km rodado
... A36: Custo mensal com manutenção
